 Dungeon Crawl Stone Soup version 0.21.1-1-g345015fe64 (webtiles) character file.

109 3rdEnemy the Bolt Thrower (level 4, -10/38 HPs)
             Began as a Centaur Hunter on July 17, 2018.
             Mangled by Crazy Yiuf
             ... wielding a +3 quarterstaff of chaos
              (17 damage)
             ... on level 2 of the Dungeon.
             The game lasted 00:04:06 (2317 turns).

3rdEnemy the Bolt Thrower (Centaur Hunter)          Turns: 2317, Time: 00:04:06

Health: -10/38     AC:  7    Str: 15    XL:     4   Next: 59%
Magic:  0/4        EV:  1    Int: 10    God:
Gold:   89         SH:  6    Dex: 10    Spells: 3/3 levels left

rFire    . . .     SeeInvis .   a - +1 short sword (holy)
rCold    . . .     Gourm    .   j - +0 shield
rNeg     . . .     Faith    .   h - +0 chain mail
rPois    .         Spirit   .   (no helmet)
rElec    .         Reflect  .   (no cloak)
rCorr    .         Harm     .   (no gloves)
MR       .....                  (no barding)
Stlth    ..........             (no amulet)
HPRegen  0.12/turn              e - ring of wizardry
MPRegen  0.09/turn              (no ring)

@: lethally poisoned (-10 -> -17), slowed
A: large, hooves 3, deformed body, speed 2, tough skin 3
a: no special abilities


You were on level 2 of the Dungeon.
You were hungry.

You visited 1 branch of the dungeon, and saw 2 of its levels.

You collected 89 gold pieces.

Inventory:

Hand Weapons
 a - a +1 short sword of holy wrath (weapon)
 b - a +1 hand crossbow
Missiles
 d - 19 bolts
Armour
 h - a +0 chain mail (worn)
 j - a +0 shield (worn)
Jewellery
 e - a ring of wizardry (left hand)
Scrolls
 g - 2 scrolls of teleportation {unknown}
 i - a scroll of fear {unknown}
 k - a scroll of noise {unknown}
 l - 3 scrolls of identify {unknown}
 n - 2 scrolls of enchant armour {unknown}
 o - 2 scrolls of remove curse {unknown}
 q - a scroll of magic mapping {unknown}
Potions
 c - a potion of curing
 m - a potion of lignification
 p - a potion of haste {unknown}
Comestibles
 f - 7 rations


   Skills:
 + Level 3.0 Fighting
 + Level 5.2 Crossbows
 + Level 2.3 Dodging
 - Level 1.0 Stealth


You had 3 spell levels left.
You didn't know any spells.

Dungeon Overview and Level Annotations

Branches:
Dungeon (2/15)

Altars:
Fedhas
Uskayaw

Annotations:
D:2 Crazy Yiuf


Innate Abilities, Weirdness & Mutations

You have hooves in place of feet.
Armour fits poorly on your strangely shaped body.
You cover ground very quickly.
You have extremely tough skin. (AC +3)


Message History

Crazy Yiuf is heavily wounded.
Crazy Yiuf hits you with a quarterstaff of chaos!
You are poisoned.
Crazy Yiuf hits you but does no damage.
You feel as though you will be slow longer.
You hit Crazy Yiuf.
Crazy Yiuf is severely wounded.
You feel sick.
Crazy Yiuf hits you with a quarterstaff of chaos.
Crazy Yiuf freezes you.
* * * LOW HITPOINT WARNING * * *
You hit Crazy Yiuf.
Crazy Yiuf is severely wounded.
* * * LOW HITPOINT WARNING * * *
You feel sick.
Crazy Yiuf glowers.
Crazy Yiuf hits you with a quarterstaff of chaos.
* * * LOW HITPOINT WARNING * * *
You are electrocuted!
You die...

# # ###########
####....').#.### ####
............#..##...#
####.......####.@g..#
#### ####....'.##
###..)# #..#
..##...#### #### #..#
#.....## #..#
#####..# #..#
#################
#..#
####..##.........#
#..#
##.....##.........#
##..#
###..###....#.......#
###..##


You could see Crazy Yiuf.

Vanquished Creatures
  A crimson imp (D:2)
  4 adders (D:2)
  A dart slug (D:2)
  2 ball pythons
  6 bats (D:1)
  4 giant cockroaches
  2 hobgoblins
  2 jackals (D:1)
  4 kobolds
  3 frilled lizards
  7 goblins (D:1)
  2 rats (D:1)
  A fungus (D:2)
39 creatures vanquished.

Vanquished Creatures (others)
  2 fungi (D:2)
2 creatures vanquished.

Grand Total: 41 creatures vanquished

Notes
Turn   | Place    | Note
-------+----------+-------------------------------------------
     0 | D:1      | 3rdEnemy the Centaur Hunter began the quest for the Orb.
     0 | D:1      | Reached XP level 1. HP: 17/17 MP: 1/1
   176 | D:1      | Reached XP level 2. HP: 21/24 MP: 2/2
   743 | D:1      | Reached skill level 1 in Stealth
   935 | D:1      | Reached XP level 3. HP: 25/30 MP: 3/3
  1233 | D:2      | Found a blossoming altar of Fedhas.
  1345 | D:2      | Found a runed door.
  1534 | D:2      | Reached skill level 5 in Crossbows
  1534 | D:2      | Reached XP level 4. HP: 15/37 MP: 4/4
  1725 | D:2      | Found a hide-covered altar of Uskayaw.
  1726 | D:2      | Noticed a hand axe
  1727 | D:2      | Noticed a dagger
  2309 | D:2      | Noticed Crazy Yiuf
  2317 | D:2      | Mangled by Crazy Yiuf

Skill      XL: |  1  2  3  4 |
---------------+-------------+-----
Stealth        | 1 |  1.0
Crossbows      | 5 |  5.2
Dodging        | 2 |  2.3
Fighting       | 3 |  3.0

Action                   |  1- 3 |  4- 6 || total
-------------------------+-------+-------++-------
Melee: Short sword       |   174 |    33 ||   207
       Kick              |    26 |     5 ||    31
 Fire: Hand crossbow     |     4 |     5 ||     9
  Use: Potion            |     2 |     1 ||     3
  Eat: Chunk             |     1 |     2 ||     3
Armor: Chain mail        |   131 |    23 ||   154
       Leather armour    |    10 |       ||    10
Dodge: Dodged            |    29 |     1 ||    30
Block: Shield            |    37 |     7 ||    44
